 Dungeon Crawl Stone Soup version 0.14-a0-2052-gb76ddfe (webtiles) character file.

8592 Jenx the Frost Mage (level 11, -4/74 HPs)
             Began as a Grey Draconian Conjurer on Jan 20, 2014.
             Was a High Priest of Vehumet.
             Slain by a minotaur
             ... wielding a +6,+0 dire flail of protection
              (15 damage)
             ... in a labyrinth.
             The game lasted 01:01:51 (12786 turns).

Jenx the Frost Mage (Grey Draconian Conjurer)      Turns: 12786, Time: 01:01:53

HP  -4/74        AC 14     Str 11      XL: 11   Next:  7%
MP   4/25        EV 12     Int 19      God: Vehumet [*****.]
Gold 369         SH  0     Dex 13      Spells:  6 memorised,  3 levels left

rFire  . . .     SeeInvis .     a - +8,-2 great sword "Vacaixt" {freeze, rN+ Str+1 Dex+1 Stlth++}
rCold  . . .     Clarity  .     (armour unavailable)
rNeg   + . .     Conserve .     (no shield)
rPois  +         rCorr    .     w - +1 hat
rElec  .         rRot     .     k - +0 cloak
SustAb . .       Spirit   .     (no gloves)
rMut   .         Warding  .     (no boots)
Saprov . . .     Stasis   .     (no amulet)
MR     +....                    A - ring of protection from magic
                                p - ring of poison resistance

@: somewhat resistant to hostile enchantments, quite stealthy
A: walk through water, unfitting armour, unbreathing, AC +12
a: Renounce Religion


You were in a labyrinth.
You worshipped Vehumet.
Vehumet was extremely pleased with you.
You were not hungry.

You visited 3 branches of the dungeon, and saw 12 of its levels.
You also visited: Labyrinth, Sewer and Ossuary.

You collected 369 gold pieces.

Inventory:

Hand weapons
 a - the cursed +8,-2 great sword "Vacaixt" (weapon) {freeze, rN+ Str+1 Dex+1 Stlth++}
   (You found it on level 6 of the Dungeon)

   It has been specially enchanted to freeze those struck by it, causing extra
   injury to most foes and up to double damage against particularly susceptible
   opponents.
   It can also slow down cold-blooded creatures.
   It affects your strength (+1).
   It affects your dexterity (+1).
   It protects you from negative energy.
   It makes you much more stealthy.
   It has a curse placed upon it.
 B - a +1,+0 quarterstaff of crushing
 E - a +1,+1 whip of freezing
Armour
 k - a +0 cloak (worn)
 w - a +1 hat (worn)
Magical devices
 f - a wand of cold (5)
 i - a wand of digging (7)
 r - a wand of teleportation (7)
 u - a wand of slowing (11) {unknown}
Comestibles
 b - 6 bread rations
 n - 4 meat rations
 F - 3 grapes
Scrolls
 e - 2 scrolls of recharging
 g - a scroll of blinking
 h - 2 scrolls of amnesia
 m - 14 scrolls of remove curse
 q - 3 scrolls of fog
 x - 2 scrolls of teleportation
 y - a scroll of identify
 D - a scroll of enchant weapon I
 J - a scroll of brand weapon {unknown}
 L - a scroll of enchant weapon II {unknown}
Jewellery
 p - a ring of poison resistance (left hand)
 A - a ring of protection from magic (right hand)
 G - an uncursed amulet of conservation {unknown}
Potions
 c - a potion of speed {unknown}
 d - 3 potions of might
 j - 2 potions of invisibility {unknown}
 l - a potion of magic {unknown}
 o - 3 potions of agility {unknown}
 s - a potion of confusion {unknown}
 t - 6 potions of flight
 v - a potion of heal wounds
 z - 6 potions of curing
Books
 C - a book of Conjurations

   Spells                             Type                      Level
   *Magic Dart                        Conjuration                  1
   Searing Ray                        Conjuration                  2
   Dazzling Spray                     Conjuration/Hexes            3
   *Iskenderun's Mystic Blast         Conjuration                  4
   *Iskenderun's Battlesphere         Conjuration/Charms           4
   Fulminant Prism                    Conjuration/Hexes            5
 K - a book of Annihilations {highlevel}

   This book is beyond your current level of understanding.

   Spells                             Type                      Level
   Poison Arrow                       Conjuration/Poison           6
   Chain Lightning                    Conjuration/Air              8
   Lehudib's Crystal Spear            Conjuration/Earth            8
   Ice Storm                          Conjuration/Ice              9
   Fire Storm                         Conjuration/Fire             9


   Skills:
 - Level 5.0 Long Blades
 - Level 1.7 Dodging
 - Level 1.7 Stealth
 * Level 6.7 Spellcasting
 - Level 6.6 Conjurations
   Level 4.5 Hexes
 - Level 7.1 Charms
 - Level 10.0 Ice Magic
 - Level 1.0 Air Magic
 + Level 0.0 Poison Magic


You had 3 spell levels left.
You knew the following spells:

 Your Spells              Type           Power        Failure   Level  Hunger
a - Magic Dart            Conj           ####         1%          1    None
b - Throw Frost           Conj/Ice       #####.       1%          2    None
c - Mephitic Cloud        Conj/Pois/Air  ###.....     3%          3    ##.....
d - Iskenderun's Battles  Conj/Chrm      ####....     2%          4    ####...
e - Iskenderun's Mystic   Conj           ####....     2%          4    ####...
f - Poisonous Cloud       Conj/Pois/Air  ###.......   97%         6    #######


Dungeon Overview and Level Annotations

Branches:
Dungeon (10/16)            Temple (1/1) D:4            Lair (1/8) D:10
    Orc: D:9-12

Altars:
Ashenzari
Cheibriados
Dithmengos
Elyvilon
Fedhas
Kikubaaqudgha
Makhleb
Nemelex Xobeh
Okawaru
Sif Muna
Trog
Vehumet
Xom
Yredelemnul
Zin
the Shining One

Annotations:
D:6 exclusions: big fish, electric eel, plant and 3 more exclusions


Innate Abilities, Weirdness & Mutations

You can walk through water.
Your dull iron-grey scales are very hard (AC +12).
Your body does not fit into most forms of armour.
Your cold-blooded metabolism reacts poorly to cold.
You can survive without breathing.


Message History

The minotaur gores you!
You barely miss the minotaur.
The minotaur is heavily wounded.
The minotaur is engulfed in noxious fumes.
The minotaur appears confused.
The minotaur is engulfed in noxious fumes.
The minotaur hits you with a glowing dire flail.
The minotaur barely misses you.
You catch the helpless minotaur completely off-guard!
You hit the minotaur but do no damage. You tail-slap the minotaur.
The minotaur is heavily wounded.
The minotaur hits you with a glowing dire flail!
The minotaur misses you.
You hit the minotaur. You freeze the minotaur.
The minotaur is heavily wounded.
The minotaur seems less confused.
The minotaur hits you with a glowing dire flail!
* * * LOW HITPOINT WARNING * * *
The minotaur gores you!
You die...

##......
.... ...#
#..#### ###
## . .. . .
##### #
##.#... #
.#.#####.
#... .. #
.#.#######.#
#
#.@H......#
#.####.##...
.#....#..# #
▓▓▓▓▓▓▓. .#
#


You could see a minotaur.

Vanquished Creatures
  Gastronok (D:8)
  Erolcha (D:8)
  Pikel (D:9)
  Joseph (D:8)
  A troll (D:9)
  Prince Ribbit (D:9)
  A yak (D:9)
  A trapdoor spider (D:6)
  Eustachio (D:6)
  A shark (D:10)
  A hungry ghost (D:9)
  A manticore (D:9)
  A merfolk (D:7)
  2 orc warriors
  5 ogres
  A phantom (D:5)
  A black bear (D:8)
  2 sky beasts
  A slave (D:9)
  6 centaurs
  5 giant frogs
  A water moccasin (D:7)
  A manticore skeleton (D:8)
  3 killer bees (D:7)
  2 big kobolds (Sewer)
  2 electric eels (D:10)
  A giant frog zombie (D:8)
  5 jellies
  A centaur zombie (D:8)
  7 crimson imps
  3 orc priests
  A big fish (D:7)
  An orange rat (D:6)
  2 iguanas
  2 quasits
  A black bear skeleton (D:8)
  5 orc wizards
  5 worker ants
  8 big kobold zombies (Ossuary)
  Ijyb (D:6)
  An ogre skeleton (D:5)
  A hound skeleton (D:9)
  A mummy (Ossuary)
  2 hounds
  14 adders
  A giant centipede (D:9)
  A giant mite (D:3)
  7 worms
  9 green rats
  An iguana skeleton (D:6)
  3 giant eyeballs
  5 giant geckos
  3 oozes
  33 orcs
  A spectral bat (Ossuary)
  3 giant cockroaches
  10 goblins
  5 grey rats (D:6)
  10 hobgoblins
  10 jackals
  24 kobolds
  2 quokkas
  5 ball pythons
  12 bats
  2 bat simulacra (Ossuary)
  A giant gecko skeleton (D:4)
  8 giant newts
  A giant spore (D:9)
  3 gnoll zombies (Ossuary)
  4 goblin simulacra (Ossuary)
  3 goblin zombies (Ossuary)
  2 hobgoblin zombies (Ossuary)
  A kobold simulacrum (Ossuary)
  8 kobold zombies
  5 orc zombies (Ossuary)
  33 rats
  8 rat simulacra (Ossuary)
  6 spectral goblins (Ossuary)
  3 spectral kobolds (Ossuary)
  5 spectral rats (Ossuary)
  3 ballistomycetes
348 creatures vanquished.

Vanquished Creatures (others)
  A two-headed ogre (D:9)
  A big kobold (D:9)
  2 giant spores (D:8)
  A gnoll zombie (Ossuary)
  A hobgoblin zombie (Ossuary)
  A kobold (D:9)
  A ballistomycete (D:8)
8 creatures vanquished.

Grand Total: 356 creatures vanquished

Notes
Turn   | Place    | Note
--------------------------------------------------------------
     0 | D:1      | Jenx, the Draconian Conjurer, began the quest for the Orb.
     0 | D:1      | Reached XP level 1. HP: 14/14 MP: 3/3
   578 | D:1      | Reached XP level 2. HP: 20/20 MP: 0/4
  1199 | D:2      | Reached skill level 5 in Conjurations
  1217 | D:2      | Reached XP level 3. HP: 19/26 MP: 6/6
  1228 | D:2      | Learned a level 3 spell: Dazzling Spray
  1572 | D:2      | Found a blossoming altar of Fedhas.
  2022 | D:3      | Reached XP level 4. HP: 33/33 MP: 2/7
  3069 | D:4      | Reached skill level 6 in Conjurations
  3328 | D:4      | Reached XP level 5. HP: 23/38 MP: 6/9
  3348 | D:4      | Learned a level 4 spell: Iskenderun's Battlesphere
  3436 | D:4      | Found a staircase to the Ecumenical Temple.
  3446 | Temple   | Entered the Ecumenical Temple
  3454 | Temple   | Became a worshipper of Vehumet
  3624 | D:4      | Noticed an ogre
  4597 | D:4      | Killed an ogre
  4597 | D:4      | Reached skill level 1 in Hexes
  4597 | D:4      | Reached XP level 6. HP: 45/45 MP: 3/13
  4675 | D:5      | Entered Level 5 of the Dungeon
  4737 | D:5      | Found a glowing drain.
  4741 | D:5      | Acquired Vehumet's first power
  4741 | D:5      | Offered knowledge of Freeze by Vehumet.
  4752 | Sewer    | Entered a sewer
  5012 | Sewer    | Your scales start taking on a dull iron-grey colour.
  5012 | Sewer    | Gained mutation: You can survive without breathing. [draconian maturity]
  5012 | Sewer    | Reached XP level 7. HP: 38/50 MP: 0/14
  5097 | D:5      | Found a sand-covered staircase.
  5109 | Ossuary  | Entered an ossuary
  5260 | Ossuary  | Offered knowledge of Throw Frost by Vehumet.
  5277 | Ossuary  | Learned a level 2 spell: Throw Frost
  5450 | Ossuary  | Reached skill level 1 in Ice Magic
  5472 | Ossuary  | Offered knowledge of Mephitic Cloud by Vehumet.
  5479 | Ossuary  | Learned a level 3 spell: Mephitic Cloud
  5586 | Ossuary  | Reached skill level 1 in Charms
  5601 | Ossuary  | Acquired Vehumet's second power
  5800 | D:5      | Paralysed by a giant eyeball for 3 turns
  5805 | D:5      | Paralysed by a giant eyeball for 3 turns
  5821 | D:5      | Offered knowledge of Olgreb's Toxic Radiance by Vehumet.
  5984 | D:5      | Found a shadowy altar of Dithmengos.
  6250 | D:5      | Reached XP level 8. HP: 34/57 MP: 15/17
  6639 | D:6      | Noticed Ijyb
  6663 | D:6      | Killed Ijyb
  6688 | D:6      | Reached skill level 5 in Ice Magic
  6905 | D:6      | Got a dazzling great sword
  6906 | D:6      | Identified the cursed +8,-2 great sword "Vacaixt" {freeze, rN+ Str+1 Dex+1 Stlth++} (You found it on level 6 of the Dungeon)
  6951 | D:6      | Acquired Vehumet's third power
  6985 | D:6      | Offered knowledge of Throw Icicle by Vehumet.
  7044 | D:6      | Learned a level 4 spell: Iskenderun's Mystic Blast
  7135 | D:6      | Reached skill level 5 in Spellcasting
  7632 | D:6      | Noticed Eustachio
  7662 | D:6      | Reached XP level 9. HP: 52/62 MP: 19/21
  7667 | D:6      | Killed Eustachio
  7974 | D:7      | Offered knowledge of Venom Bolt by Vehumet.
  7974 | D:7      | Reached skill level 5 in Long Blades
  8047 | D:7      | Reached skill level 1 in Air Magic
  8863 | D:7      | Found a glowing silver altar of Zin.
  9156 | D:8      | Noticed Erolcha
  9168 | D:8      | Killed Erolcha
  9510 | D:8      | Reached skill level 5 in Charms
  9516 | D:8      | Reached skill level 7 in Ice Magic
  9516 | D:8      | Reached XP level 10. HP: 64/69 MP: 10/23
  9639 | D:8      | Noticed Joseph
  9986 | D:8      | Noticed Gastronok
 10155 | D:8      | Killed Joseph
 10560 | D:8      | Killed Gastronok
 10560 | D:8      | Reached skill level 8 in Ice Magic
 11144 | D:9      | Found a white marble altar of Elyvilon.
 11205 | D:9      | Reached skill level 9 in Ice Magic
 11219 | D:9      | Paralysed by a giant eyeball for 3 turns
 11315 | D:9      | Noticed Prince Ribbit
 11324 | D:9      | Killed Prince Ribbit
 11395 | D:9      | Noticed Pikel
 11427 | D:9      | Killed Pikel
 11517 | D:9      | Found a glowing silver altar of Zin.
 11521 | D:9      | Found an ancient bone altar of Kikubaaqudgha.
 11527 | D:9      | Found a sparkling altar of Nemelex Xobeh.
 11753 | D:9      | Reached XP level 11. HP: 64/74 MP: 2/25
 12098 | D:10     | Entered Level 10 of the Dungeon
 12264 | D:10     | Reached skill level 10 in Ice Magic
 12295 | D:10     | Found a staircase to the Lair.
 12308 | D:10     | Offered knowledge of Poisonous Cloud by Vehumet.
 12312 | Lair:1   | Entered Level 1 of the Lair of Beasts
 12349 | Lair:1   | Found a labyrinth entrance.
 12359 | Lab      | Entered a labyrinth
 12370 | Lab      | Learned a level 6 spell: Poisonous Cloud
 12763 | Lab      | Noticed a minotaur
 12786 | Lab      | Slain by a minotaur

Action                   |  1- 3 |  4- 6 |  7- 9 | 10-12 || total
-------------------------+-------+-------+-------+-------++-------
Melee: Short sword       |    49 |    30 |       |       ||    79
       Dagger            |       |    95 |   125 |       ||   220
       Battleaxe         |       |       |   273 |       ||   273
       Great sword       |       |       |   224 |    99 ||   323
 Cast: Magic Dart        |    65 |    96 |    73 |    99 ||   333
       Dazzling Spray    |       |    13 |     8 |       ||    21
       Iskenderun's Batt |       |     2 |     2 |    18 ||    22
       Throw Frost       |       |       |    73 |    28 ||   101
       Mephitic Cloud    |       |       |    29 |    25 ||    54
       Iskenderun's Myst |       |       |     3 |     7 ||    10
Evoke: Wand              |       |     1 |       |     2 ||     3
  Use: Potion            |     1 |     1 |     5 |     3 ||    10
       Scroll            |       |    11 |    10 |     2 ||    23
 Stab: Sleeping          |       |     1 |    11 |     2 ||    14
       Confused          |       |       |     5 |     3 ||     8
